Map: Bridgehead LE (Void)

Players

MoonLjth

  • Race: Protoss Protoss
  • League: Platinum

iQuitBYE

  • Race: Protoss Protoss
  • League: Grandmaster

Raistlin - Winner!

  • Race: Protoss Protoss
  • League: Grandmaster

Reason - Winner!

  • Race: Protoss Protoss
  • League: Grandmaster

VOD

Have the link to the VOD?

Description

Time

  • Played on: Oct. 2, 2015, 7:54 p.m.
  • Length: 4:41
Show
View Real Time Build Order
Export as new Build Order

MoonLjth Protoss 

Build Orders: Dark Templar Rush 

Get SALT Encoding   

  12  0:01  Probe (Chrono Boost)  
  13  0:15  Pylon  
  13  0:18  Probe (Chrono Boost)  
  14  0:29  Probe (Chrono Boost)  
  15  0:36  Gateway  
  15  0:39  Probe (Chrono Boost)  
  16  0:46  Assimilator  
  17  0:50  Probe (Chrono Boost)  
  17  1:00  Probe (Chrono Boost)  
  18  1:05  Pylon  
  18  1:08  Assimilator  
  18  1:11  Probe (Chrono Boost)  
  19  1:22  Probe (Chrono Boost)  
  22  1:34  Probe  
  22  1:35  Cybernetics Core  
  23  1:40  Zealot (Chrono Boost)  
  23  1:42  Pylon  
  24  2:12  Mothership Core (Chrono Boost)  
  25  2:17  Nexus  
  25  2:22  Warp Gate (Chrono Boost)  
  25  2:30  Pylon  
  25  2:31  Probe  
  26  2:38  Stalker (Chrono Boost)  
  28  2:52  Probe  
  29  3:03  Twilight Council  
  29  3:04  Gateway  
  29  3:08  Probe  
  30  3:16  Stalker (Chrono Boost)  
  32  3:20  Probe  
  33  3:30  Gateway  
  33  3:33  Probe  
  34  3:43  Probe  
  35  3:49  Probe  
  35  3:53  Probe  
  37  3:57  Dark Shrine  
  37  4:01  Probe (Chrono Boost)  
  38  4:06  Probe (Chrono Boost)  
  38  4:08  Pylon  
  39  4:14  Probe (Chrono Boost)  
  40  4:17  Probe (Chrono Boost)  
  40  4:18  Pylon  
  41  4:28  Probe (Chrono Boost)  
  42  4:34  Pylon  
Show
View Real Time Build Order
Export as new Build Order

iQuitBYE Protoss 

Build Orders: Dark Templar Rush 

Get SALT Encoding   

  12  0:01  Probe (Chrono Boost)  
  13  0:11  Probe (Chrono Boost)  
  14  0:22  Pylon  
  14  0:24  Probe (Chrono Boost)  
  15  0:41  Gateway  
  16  0:43  Probe (Chrono Boost)  
  16  0:53  Probe (Chrono Boost), Assimilator  
  17  0:57  Assimilator  
  17  1:04  Probe (Chrono Boost)  
  18  1:14  Probe (Chrono Boost)  
  19  1:25  Probe (Chrono Boost), Pylon  
  20  1:30  Cybernetics Core  
  20  1:35  Probe (Chrono Boost)  
  21  1:46  Probe (Chrono Boost)  
  22  1:56  Probe (Chrono Boost)  
  23  2:04  Warp Gate  
  23  2:05  Stalker  
  23  2:08  Probe (Chrono Boost), Twilight Council  
  28  2:31  Mothership Core (Chrono Boost)  
  28  2:42  Pylon  
  28  2:44  Adept  
  28  2:45  Dark Shrine  
  30  3:03  Gateway  
  30  3:06  Gateway  
  30  3:11  Stalker  
  32  3:24  Pylon  
  30  4:07  Dark Templar  
  30  4:08  Dark Templar x2  
  36  4:13  Nexus  
Show
View Real Time Build Order
Export as new Build Order

Raistlin Protoss - Winner!

Build Orders:  

Get SALT Encoding   

Show
View Real Time Build Order
Export as new Build Order

Reason Protoss - Winner!

Build Orders:  

Get SALT Encoding   

Tags
 
Add a new tag
Caveats
  • Supply blocks, unpowered buildings, or Contaminate may cause inaccurate times.
  • Supply counts are checked every 10 seconds.